 Dungeon Crawl Stone Soup version 0.18-a0-1788-g92de1ac (webtiles) character file.

44 Tarnath the Digger (level 3, -1/21 HPs)
             Began as an Octopode Earth Elementalist on Apr 19, 2016.
             Slain by an adder (2 damage)
             ... on level 2 of the Dungeon.
             The game lasted 00:03:33 (1298 turns).

Tarnath the Digger (Octopode Earth Elementalist)    Turns: 1298, Time: 00:03:34

Health: -1/21      AC:  1    Str:  7    XL:     3   Next: 60%
Magic:  6/6        EV: 12    Int: 18    God:
Gold:   20         SH:  0    Dex: 12    Spells: 2 memorised, 3 levels left

rFire  . . .     SeeInvis .     b - +0 spear
rCold  . . .     Gourm    .     (no shield)
rNeg   + . .     Faith    .     (helmet restricted)
rPois  .         Spirit   .     (no amulet)
rElec  .         Dismiss  .     g - ring of positive energy
rCorr  .         Reflect  .     (no ring)
SustAt .         Harm     .     (no ring)
MR     .....                    (no ring)
Stlth  +++.......               (no ring)
                                (no ring)
                                (no ring)
                                (no ring)

@: lethally poisoned (-1 -> -10), not resistant to hostile enchantments, fairly
stealthy
A: almost no armour, amphibious, 8 rings, constrict 8, camouflage 1, gelatinous
body 1
a: no special abilities


You were on level 2 of the Dungeon.
You were not hungry.

You visited 1 branch of the dungeon, and saw 2 of its levels.

You collected 20 gold pieces.

Inventory:

Hand Weapons
 b - a +0 spear (weapon)
Missiles
 a - 11 stones
 d - 20 poisoned needles
 f - 2 throwing nets (quivered)
Jewellery
 g - a ring of positive energy (left tentacle)
Scrolls
 h - 2 scrolls of teleportation {unknown}
 i - 2 scrolls of remove curse {unknown}
 k - a scroll of identify {unknown}
Potions
 j - a potion of cancellation {unknown}
Books
 e - a book of Geomancy

   Spells                             Type                      Level
   a - Sandblast                      Earth                        1
   b - Passwall                       Transmutation/Earth          2
   c - Stone Arrow                    Conjuration/Earth            3
   d - Petrify                        Transmutation/Earth          4
   e - Lee's Rapid Deconstruction     Earth                        5
Comestibles
 c - a bread ration
 l - 5 fruits
 m - a chunk of flesh


   Skills:
 - Level 2.0 Dodging
 - Level 2.6 Stealth
 + Level 2.5 Spellcasting
 + Level 0.2 Conjurations
   Level 1.0 Transmutations
 * Level 4.0 Earth Magic


You had 3 spell levels left.
You knew the following spells:

 Your Spells              Type           Power        Failure   Level  Hunger
a - Sandblast             Erth           ###...       3%          1    #......
b - Stone Arrow           Conj/Erth      #.....       24%         3    ###....


Dungeon Overview and Level Annotations

Branches:
Dungeon (2/15)

Altars:


Innate Abilities, Weirdness & Mutations

You cannot wear most types of armour.
You are amphibious.
You can wear up to eight rings at the same time.
You can use your tentacles to constrict eight enemies at once.
Your skin changes colour to match your surroundings (Stealth).
Your rubbery body absorbs attacks (AC +1).


Message History

You hit the kobold.
You kill the kobold!
You closely miss the adder. Your grab misses the adder.
Your squeeze misses the adder. The adder bites you. x2
You are poisoned.
The adder poisons you!
You barely miss the adder. Your grab misses the adder.
You feel sick. The adder bites you.
You are lethally poisoned!
The adder poisons you!
You hit the adder but do no damage. Your grab misses the adder.
* * * LOW HITPOINT WARNING * * *
You feel sick. The adder bites you.
* * * LOW HITPOINT WARNING * * *
The adder bites you.
* * * LOW HITPOINT WARNING * * *
You miss the adder. You grab the adder.
You constrict the adder, but do no damage.
The adder bites you.
You die...

(....# #..#.# ..#.#
### ##...#.#### #..
..#.#..... #.#
####.#.#..... #.#
.....#.#..... #S#####
#........ #@#...#
#........ #
#.#.#.####........
#..#.#.#....##'#.####
#......#....##.#.#
####.#.#....##.#.#
...........+..#.#
#...........##.#.#
#...........##.#.#
#<......#...##.#.#


You could see an adder.

Vanquished Creatures
  3 adders (D:2)
  3 bats (D:1)
  A giant cockroach (D:1)
  2 goblins (D:1)
  4 hobgoblins
  A giant newt (D:1)
  A kobold (D:2)
  3 rats
18 creatures vanquished.

Notes
Turn   | Place    | Note
--------------------------------------------------------------
     0 | D:1      | Tarnath the Octopode Earth Elementalist began the quest for the Orb.
     0 | D:1      | Reached XP level 1. HP: 11/11 MP: 3/3
   353 | D:1      | Reached XP level 2. HP: 16/17 MP: 5/5
  1183 | D:2      | Reached XP level 3. HP: 17/21 MP: 1/6
  1194 | D:2      | Learned a level 3 spell: Stone Arrow
  1238 | D:2      | Reached skill level 4 in Earth Magic
  1297 | D:2      | HP: 1/21 [adder (4)]
  1298 | D:2      | Slain by an adder

Vault maps used:
D:1:      minmay_arrival_glassed_features, kennysheep_nondescript
D:2:      forest_paths, hangedman_decor_riveting, uniq_robin, uniq_terence

Skill      XL: |  1  2  3 |
---------------+----------+-----
Earth Magic    | 4 |  4.0
Dodging        | |  2.0
Stealth        | |  2.6
Spellcasting   | |  2.5
Conjurations   | |  0.2
Transmutations | |  1.0

Action                   || total
-------------------------++-------
Melee: Spear             ||    45
       Constrict         ||    11
       Tentacles         ||     5
 Cast: Sandblast         ||    11
 Stab: Sleeping          ||     5
  Eat: Chunk             ||     1
Armor: Skin              ||     5
Dodge: Dodged            ||    22
